Cogmind - Beta 15 @@@ ROGUE MODE // 2025.05.10 @ 00:37:58 Player: gorb Result: Destroyed by S-27 Virus with Autogun Performance ------------- Evolutions (4) 2000 Regions Visited (8) 1600 Robots Destroyed (11) 55 Value Destroyed (307) 307 Prototype IDs (1) 20 Alien Tech Used (0) 0 Bonus (500) 500 TOTAL SCORE: 4482 Bonus ------- Entered DSFs 500 Cogmind --------- Core Integrity 0/850 Matter 174/300 Energy 99/100 System Corruption 0% Temperature Cool (0) Movement Core (50) Location -6/Lower Caves Parts ------- > --- POWER (3) -------- (None) > --- PROPULSION (6) --- (None) > --- UTILITY (4) ------ (None) > --- WEAPON (2) ------- (None) > --- INVENTORY (5) ---- Ion Engine Wheel VTOL Module VTOL Module Peak State ------------ > --- POWER ------------ Light Nuclear Core > --- PROPULSION ------- Improved Gravmag System Gravmag Array > --- UTILITY ---------- Improved Light Armor Plating Improved Field Recycling Unit > --- WEAPON ----------- Proton Cannon Magnetic Acceleration Cannon > --- INVENTORY -------- Ion Engine Wheel Force Field Phase Cannon [Rating: 36] Favorites ----------- Power Ion Engine Engine Ion Engine Power Core Light Nuclear Core Propulsion Aluminum Leg Leg Aluminum Leg Wheel Compact Wheel Hover Unit Gravmag Array Flight Unit Flight Unit Utility Small Storage Unit Device Improved Field Recycling Unit Storage Small Storage Unit Processor Improved Signal Interpreter Hackware Hacking Suite Protection Improved Light Armor Plating Weapon Assault Rifle Energy Gun EM Pulse Gun Energy Cannon Proton Cannon Ballistic Gun Assault Rifle Ballistic Cannon Magnetic Acceleration Cannon Special Melee Weapon Datajack Build | -11 -10 -10 -9 -8 -7 -7 -6 -6 ------- Run | Yrd Mat Min Mat Mat Fac DSF Fac Low Slots Evolved 8 | . . . 2 2 2 . 2 . Power 2 | . . . . . 1 . 1 . Propulsion 4 | . . . 2 1 . . 1 . Utility 2 | . . . . 1 1 . . . Weapon . | . . . . . . . . . Parts Attached 38 | 6 1 4 6 4 . 2 15 . Power 6 | 1 . 1 1 1 . . 2 . Engine 3 | 1 . 1 1 . . . . . Core 3 | . . . . 1 . . 2 . Reactor . | . . . . . . . . . Propulsion 12 | 2 . 2 3 1 . . 4 . Treads . | . . . . . . . . . Leg 2 | 2 . . . . . . . . Wheel 2 | . . . . . . . 2 . Hover 2 | . . . . . . . 2 . Flight 6 | . . 2 3 1 . . . . Utility 11 | 1 1 1 . 1 . 2 5 . Device 6 | . . 1 . . . 2 3 . Storage 2 | 1 1 . . . . . . . Processor 1 | . . . . . . . 1 . Hackware 1 | . . . . 1 . . . . Protection 1 | . . . . . . . 1 . Artifact . | . . . . . . . . . Weapon 9 | 2 . . 2 1 . . 4 . Energy Gun 1 | . . . . . . . 1 . Energy Cannon 2 | . . . . . . . 2 . Ballistic Gun 4 | 2 . . 2 . . . . . Ballistic Cannon 1 | . . . . . . . 1 . Launcher . | . . . . . . . . . Special Weapon . | . . . . . . . . . Impact Weapon . | . . . . . . . . . Slashing Weapon . | . . . . . . . . . Piercing Weapon . | . . . . . . . . . Special Melee Weapon 1 | . . . . 1 . . . . Unidentified Prototypes 1 | . . . 1 . . . . . Parts Lost 19 | . . 1 . 2 . 9 7 . Power 3 | . . . . . . 2 1 . Propulsion 7 | . . 1 . 1 . 3 2 . Utility 4 | . . . . . . 2 2 . Weapon 5 | . . . . 1 . 2 2 . Highest Loss Streak 7 | . . 1 . 2 . 7 6 . To Critical Strikes . | . . . . . . . . . Average Backups 5 | 1 5 8 6 7 6 4 3 4 Power . | . 1 . 1 1 1 1 1 1 Propulsion 2 | . 2 3 2 2 2 2 1 3 Utility 1 | . . 1 2 2 2 . . . Weapon 1 | . 1 2 1 1 1 1 . . Tool/Special . | . . . . . . . . . Unused Backups 6 | . . 4 . . . . . 2 Power . | . . . . . . . . . Propulsion 4 | . . 2 . . . . . 2 Utility . | . . . . . . . . . Weapon 2 | . . 2 . . . . . . Tool/Special . | . . . . . . . . . Average Slot Usage (%) 67 | . 85 85 99 87 74 61 30 . Engine 7 | . 14 14 11 4 7 4 . . Core 2 | . . . . 4 7 4 4 . Leg 10 | . 28 24 . . . . . . Hover 1 | . . . . . . . 6 . Flight 11 | . . 2 43 45 30 22 . . Device 2 | . . 1 11 . . 5 3 . Storage 8 | . 14 14 11 9 7 6 . . Hackware 1 | . . . . 6 7 6 . . Energy Cannon 1 | . . . . . . . 4 . Ballistic Gun 15 | . 28 28 22 10 13 10 . . Peak Build Rating 36 | 6 6 10 16 20 21 26 36 . Average Rating 13 | 4 6 6 12 18 20 17 21 . On Entrance 8 | . 6 6 9 16 18 21 . . Naked Turns 75 | . . . . . . 20 48 7 Heaviest Build 36 | 13 18 19 19 14 19 23 36 . Greatest Support 30 | 20 20 20 16 17 17 17 30 3 Greatest Overweight (x) 6 | . . 6 1 . 1 1 6 . Average Overweight (x) . | . . . . . 1 . . . Largest Inventory Capacity 10 | 8 10 10 10 8 8 8 5 5 Average Capacity 7 | 7 8 10 8 8 8 7 5 5 Most Carried 10 | 5 7 10 8 8 7 7 5 4 Average Carried 5 | 1 5 8 6 7 6 4 3 4 Final Capacity 10 | 8 10 10 8 8 8 5 5 5 Final Carried 8 | 4 7 8 8 8 6 4 4 4 Class Distribution -------------------- 78% | Mutant 9% | Scavenger-Sprinter 7% | Sprinter 3% | Scavenger-Mutant Dominant Class ---------------- Mutant | -10/Materials Mutant | -10/Mines Scavenger-Sprinter | -9/Materials Sprinter | -8/Materials Mutant | -7/Factory Mutant | -7/DSF Mutant | -6/Factory Mutant | -6/Lower Caves Resources | -11 -10 -10 -9 -8 -7 -7 -6 -6 ----------- Run | Yrd Mat Min Mat Mat Fac DSF Fac Low Matter Collected 622 | 231 32 145 . 149 . 5 60 . Remotely . | . . . . . . . . . Salvage Created 349 | . . 263 . . . . 86 . Parts 24 | . . 17 . . . . 7 . Haulers Intercepted . | . . . . . . . . . Recyclers Shooed . | . . . . . . . . . Parts Field Recycled . | . . . . . . . . . Retrieved Matter . | . . . . . . . . . Parts Self-Destructed . | . . . . . . . . . Prevented . | . . . . . . . . . Kills | -11 -10 -10 -9 -8 -7 -7 -6 -6 ------- Run | Yrd Mat Min Mat Mat Fac DSF Fac Low Combat Hostiles Destroyed 11 | . . 8 . . . . 3 . Guns 8 | . . 8 . . . . . . Cannons 3 | . . . . . . . 3 . Classes Destroyed 2 | . . 2 . . . . . . Swarmer 6 | . . 3 . . . . 3 . Grunt 5 | . . 5 . . . . . . Best Kill Streak 5 | . . 5 . . . . 2 . Combat Bots Only 5 | . . 5 . . . . 2 . Max Kills in Single Turn 1 | . . 1 . . . . 1 . Gunslinging . | . . . . . . . . . Exploded . | . . . . . . . . . Melee . | . . . . . . . . . Uniques/NPCs Destroyed . | . . . . . . . . . Combat | -11 -10 -10 -9 -8 -7 -7 -6 -6 -------- Run | Yrd Mat Min Mat Mat Fac DSF Fac Low Hostile Shots Fired 363 | . . 44 13 13 . 57 221 15 Missed 137 | . . 13 6 4 . 24 83 7 Hits 226 | . . 31 7 9 . 33 138 8 Projectile 226 | . . 31 7 9 . 33 138 8 Critical Strikes 2 | . . 1 . . . 1 . . Damage Taken 3052 | . . 379 97 137 . 605 1714 120 Core 1094 | . . 21 . 29 . 192 732 120 Absorbed by Shields 73 | . . . . . . 51 22 . Core Remaining (%) 91 | 100 . 91 100 94 . 72 . . Volleys Fired 50 | . 2 28 1 6 . . 13 . Largest 2 | . 2 2 2 1 . . 2 . Hottest 119 | . 40 40 46 23 . . 119 . Shots Fired 84 | . 4 56 2 6 . . 16 . Gun 68 | . 4 56 2 6 . . . . Cannon 16 | . . . . . . . 16 . Launcher . | . . . . . . . . . Special . | . . . . . . . . . Kinetic 71 | . 4 56 2 6 . . 3 . Thermal 10 | . . . . . . . 10 . Explosive . | . . . . . . . . . Electromagnetic 3 | . . . . . . . 3 . Robot Hit Streak 9 | . . 6 7 5 . . 9 . Robot Miss Streak 5 | . 4 5 1 2 . . 1 . Penetration Max . | . . . . . . . . . Secondary Targets 1 | . . 1 . . . . . . Max Gunslinging Chain 1 | . . 1 . . . . . . Shots Hit Robots 56 | . . 37 1 7 . . 11 . Core Hits 23 | . . 17 . 2 . . 4 . Critical Kills . | . . . . . . . . . Critical Parts Destroyed 1 | . . 1 . . . . . . Critical Strikes 1 | . . 1 . . . . . . Destroy 1 | . . 1 . . . . . . Melee Attacks 2 | . . . . 2 . . . . Impact . | . . . . . . . . . Slashing . | . . . . . . . . . Piercing . | . . . . . . . . . Sneak Attacks 1 | . . . . 1 . . . . Combat Hostiles . | . . . . . . . . . Follow-up Attacks . | . . . . . . . . . Damage Inflicted 809 | . 1 389 17 72 . . 330 . Guns 478 | . . 389 17 72 . . . . Cannons 326 | . . . . . . . 326 . Explosions . | . . . . . . . . . Melee . | . . . . . . . . . Ramming 5 | . 1 . . . . . 4 . Kinetic 505 | . . 389 17 72 . . 27 . Thermal 216 | . . . . . . . 216 . Explosive . | . . . . . . . . . Electromagnetic 83 | . . . . . . . 83 . Impact . | . . . . . . . . . Slashing . | . . . . . . . . . Piercing . | . . . . . . . . . Highest Corruption 1 | . 1 1 . . . . . . Average Corruption 1 | . 1 1 . . . . . . Corruption Purged . | . . . . . . . . . Corruption Blocked . | . . . . . . . . . Effects 3 | . 2 1 . . . . . . Message Errors 1 | . . 1 . . . . . . Matter Fused 1 | . 1 . . . . . . . Energy Discharges 1 | . 1 . . . . . . . Overload Shots . | . . . . . . . . . Overflow Damage . | . . . . . . . . . Projectiles . | . . . . . . . . . Explosions . | . . . . . . . . . Melee . | . . . . . . . . . Knockbacks . | . . . . . . . . . Impact . | . . . . . . . . . Kinetic . | . . . . . . . . . Secondary . | . . . . . . . . . Self-Inflicted Damage 2 | . . . . . . . 2 . Shots . | . . . . . . . . . Rammed 1 | . . . . . . . 1 . Targets Rammed 2 | . 1 . . . . . 1 . Kicked 1 | . 1 . . . . . . . Crushed . | . . . . . . . . . Highest Temperature 258 | . . 27 . 12 . . 258 . Average Temperature 71 | . . 9 . 6 . . 107 . Received Heat Transfer 462 | . . 198 48 72 . . 144 . Siege Activations . | . . . . . . . . . Martial Activations . | . . . . . . . . . Shielding Activations . | . . . . . . . . . Robots Disrupted . | . . . . . . . . . Combat Hostiles . | . . . . . . . . . Robots Corrupted . | . . . . . . . . . Combat Hostiles . | . . . . . . . . . Parts Fried . | . . . . . . . . . Impact Corruptions . | . . . . . . . . . Robots Melted . | . . . . . . . . . Combat Hostiles . | . . . . . . . . . Parts Melted . | . . . . . . . . . Heat Transferred 259 | . . . . . . . 259 . Parts Sabotaged . | . . . . . . . . . Parts Stolen . | . . . . . . . . . Parts Stripped . | . . . . . . . . . Power Chain Reactions . | . . . . . . . . . Alert | -11 -10 -10 -9 -8 -7 -7 -6 -6 ------- Run | Yrd Mat Min Mat Mat Fac DSF Fac Low Maximum Alert Level . | . . . . . . . . . Low Security (%) 100 | 100 100 100 100 100 100 100 100 . Level 1 . | . . . . . . . . . Level 2 . | . . . . . . . . . Level 3 . | . . . . . . . . . Level 4 . | . . . . . . . . . Level 5 . | . . . . . . . . . High Security . | . . . . . . . . . Max Security . | . . . . . . . . . Peak Influence 100 | . 5 100 31 30 12 26 66 . Initial 31 | . . . 31 5 3 11 . . Average 16 | . . 40 11 15 5 11 13 . Influence Increases 540 | . 7 234 15 58 16 30 180 . Destroy 0b10 Robot/C 220 | . . 160 . . . . 60 . Destroy Leader 50 | . . 40 . . . . 10 . Successful Hack 40 | . 7 4 . 13 16 . . . Destroy Structure 5 | . . . . . . . 5 . Partial Spotted 30 | . . . . 30 . . . . Lose Combat Pursuer 195 | . . 30 15 15 . 30 105 . Influence Decreases 515 | . 7 154 80 65 8 46 140 15 Entered New Map 84 | . . . 49 10 5 5 . 15 Time Decay 308 | . 7 144 31 35 3 . 88 . Lost Part 123 | . . 10 . 20 . 41 52 . Squads Dispatched 6 | . 1 1 1 1 . 1 1 . Investigation 2 | . . 1 . 1 . . . . Extermination 1 | . . . . . . . 1 . Reinforcement 3 | . 1 . 1 . . 1 . . Assault . | . . . . . . . . . Garrison . | . . . . . . . . . Intercept . | . . . . . . . . . Searches Triggered . | . . . . . . . . . Construction Impeded . | . . . . . . . . . Haulers Reinforced . | . . . . . . . . . Active Scanning Responses . | . . . . . . . . . Cargo Convoy Interrupts . | . . . . . . . . . Stealth | -11 -10 -10 -9 -8 -7 -7 -6 -6 --------- Run | Yrd Mat Min Mat Mat Fac DSF Fac Low Distress Signals 5 | . . . 1 2 . . 2 . Communications Jammed . | . . . . . . . . . Distress Signals . | . . . . . . . . . Times Spotted 54 | . 6 9 8 6 . 4 17 4 Peak Tracking Total 9 | . 2 5 6 7 . 3 9 4 Tactical Retreats 10 | . . 1 1 1 . 2 5 . Traps | -11 -10 -10 -9 -8 -7 -7 -6 -6 ------- Run | Yrd Mat Min Mat Mat Fac DSF Fac Low Traps Triggered 6 | . 1 . . . . 3 2 . Indirectly . | . . . . . . . . . Trap Hack Attempts . | . . . . . . . . . Triggered . | . . . . . . . . . Disarmed . | . . . . . . . . . Reprogrammed . | . . . . . . . . . Reused . | . . . . . . . . . Traps Extracted . | . . . . . . . . . Installed . | . . . . . . . . . Triggered . | . . . . . . . . . Machines | -11 -10 -10 -9 -8 -7 -7 -6 -6 ---------- Run | Yrd Mat Min Mat Mat Fac DSF Fac Low Machines Disabled . | . . . . . . . . . Max in Single Turn . | . . . . . . . . . Machines Repaired . | . . . . . . . . . Machines Dismantled . | . . . . . . . . . Machines Sabotaged . | . . . . . . . . . Overloaded Fab Kills . | . . . . . . . . . Hacking | -11 -10 -10 -9 -8 -7 -7 -6 -6 --------- Run | Yrd Mat Min Mat Mat Fac DSF Fac Low Machines Accessed 9 | . 2 1 . 3 2 . 1 . Terminals 9 | . 2 1 . 3 2 . 1 . Fabricators . | . . . . . . . . . Repair Stations . | . . . . . . . . . Recycling Units . | . . . . . . . . . Scanalyzers . | . . . . . . . . . Garrison Access . | . . . . . . . . . Total Hacks 22 | . 5 5 . 8 3 . 1 . Successful 13 | . 4 4 . 3 2 . . . Failed 9 | . 1 1 . 5 1 . 1 . Catastrophic . | . . . . . . . . . Database Lockouts . | . . . . . . . . . Manual . | . . . . . . . . . Terminals 22 | . 5 5 . 8 3 . 1 . Fabricators . | . . . . . . . . . Repair Stations . | . . . . . . . . . Recycling Units . | . . . . . . . . . Scanalyzers . | . . . . . . . . . Garrison Access . | . . . . . . . . . Terminal Hacks 13 | . 4 4 . 3 2 . . . Record 6 | . 2 3 . 1 . . . . Open DSF 1 | . . . . . 1 . . . Level Access Points 1 | . . . . 1 . . . . Emergency Access Points 1 | . . . . . 1 . . . Alert Level 1 | . 1 . . . . . . . Dispatch Records 1 | . . 1 . . . . . . Recall Reinforcements 1 | . . . . 1 . . . . Zone Layout 1 | . 1 . . . . . . . Fabricator Hacks . | . . . . . . . . . Repair Station Hacks . | . . . . . . . . . Recycling Unit Hacks . | . . . . . . . . . Scanalyzer . | . . . . . . . . . Garrison Access Hacks . | . . . . . . . . . Unauthorized Hacks . | . . . . . . . . . Terminals . | . . . . . . . . . Fabricators . | . . . . . . . . . Repair Stations . | . . . . . . . . . Recycling Units . | . . . . . . . . . Scanalyzers . | . . . . . . . . . Garrison Access . | . . . . . . . . . Data Cores Recovered . | . . . . . . . . . Used . | . . . . . . . . . Hacking Detections 7 | . 2 1 . 2 1 . 1 . Full Trace Events 2 | . . 1 . 1 . . . . Feedback Events . | . . . . . . . . . Feedback Blocked . | . . . . . . . . . Robot Schematics Acquired . | . . . . . . . . . Robots Built . | . . . . . . . . . Authchips . | . . . . . . . . . Time . | . . . . . . . . . Total Robot Build Rating . | . . . . . . . . . Part Schematics Acquired . | . . . . . . . . . Parts Built . | . . . . . . . . . Authchips . | . . . . . . . . . Time . | . . . . . . . . . Total Part Build Rating . | . . . . . . . . . Parts Repaired . | . . . . . . . . . Time . | . . . . . . . . . Parts Recycled . | . . . . . . . . . Recycled Matter . | . . . . . . . . . Retrieved Matter . | . . . . . . . . . Retrieved Components . | . . . . . . . . . Parts Scanalyzed . | . . . . . . . . . Part Schematics Acquired . | . . . . . . . . . Parts Damaged . | . . . . . . . . . Bothacking | -11 -10 -10 -9 -8 -7 -7 -6 -6 ------------ Run | Yrd Mat Min Mat Mat Fac DSF Fac Low Used RIF Installer . | . . . . . . . . . Robots Hacked 2 | . . . . 2 . . . . Non-combat 1 | . . . . 1 . . . . Combat 1 | . . . . 1 . . . . Robot Hacks Applied 2 | . . . . 2 . . . . parse_system 2 | . . . . 2 . . . . Relay Couplers Released . | . . . . . . . . . Fabnet Peak Effective % . | . . . . . . . . . Robots Rewired . | . . . . . . . . . Allies Hacked . | . . . . . . . . . Hacks Repelled . | . . . . . . . . . Allies | -11 -10 -10 -9 -8 -7 -7 -6 -6 -------- Run | Yrd Mat Min Mat Mat Fac DSF Fac Low Total Allies . | . . . . . . . . . Largest Group . | . . . . . . . . . Highest-Rated Group . | . . . . . . . . . Highest-Rated Ally . | . . . . . . . . . Total Orders . | . . . . . . . . . Ally Attacks . | . . . . . . . . . Total Damage . | . . . . . . . . . Kills . | . . . . . . . . . Allies Corrupted . | . . . . . . . . . Allies Melted . | . . . . . . . . . Intel | -11 -10 -10 -9 -8 -7 -7 -6 -6 ------- Run | Yrd Mat Min Mat Mat Fac DSF Fac Low Active Infowar (turns) 33 | . . . . . . 5 28 . Sensors 28 | . . . . . . . 28 . ECM 5 | . . . . . . 5 . . Robot Analysis Total . | . . . . . . . . . Derelict Logs Recovered . | . . . . . . . . . Drone Launches . | . . . . . . . . . Drone Recoveries . | . . . . . . . . . Exploration | -11 -10 -10 -9 -8 -7 -7 -6 -6 ------------- Run | Yrd Mat Min Mat Mat Fac DSF Fac Low Turns Passed 1475 | 89 215 359 119 92 39 147 408 7 Spaces Moved 1403 | 49 170 204 189 187 35 131 425 13 Core 222 | 21 . 1 . . . 37 150 13 Treads . | . . . . . . . . . Legs 391 | 28 170 193 . . . . . . Wheels 34 | . . . . . . . 34 . Hover 241 | . . . . . . . 241 . Flight 515 | . . 10 189 187 35 94 . . Fastest Speed 28 | 50 120 120 29 28 108 32 50 50 Average Speed 79 | 90 120 127 34 28 108 83 79 50 Slowest Speed 360 | 120 120 360 111 29 108 110 350 50 Overloaded Moves . | . . . . . . . . . Propulsion Burnouts . | . . . . . . . . . Robots Hopped 1 | . . . 1 . . . . . Potential Cave-ins . | . . . . . . . . . Cave-ins Triggered . | . . . . . . . . . Exploration Rate (%) 23 | 4 33 23 22 18 2 91 11 4 Regions Visited 8 Branch Regions 2 Pre-discovered Areas 1 | . . 1 . . . . . . Known Exits Taken 2 | . . . . 1 1 . . . Unknown Exits Taken 5 | 1 1 1 1 . . . 1 . Scrap Searched . | . . . . . . . . . Spaces Dug . | . . . . . . . . . Terrain Destroyed 4 | . . . . . . . 4 . Melee . | . . . . . . . . . Projectile 4 | . . . . . . . 4 . AOE . | . . . . . . . . . Terrain Rammed . | . . . . . . . . . Walls Destroyed . | . . . . . . . . . Machines Disabled . | . . . . . . . . . Actions | -11 -10 -10 -9 -8 -7 -7 -6 -6 --------- Run | Yrd Mat Min Mat Mat Fac DSF Fac Low Total 1678 | 93 176 255 238 219 36 168 480 13 Wait 97 | 30 . 6 38 15 . . 8 . Move 1393 | 48 169 203 186 186 34 130 424 13 Hop 1 | . . . 1 . . . . . Pick Up 40 | 9 3 7 3 2 . 1 15 . Fast Attach 4 | 1 . 3 . . . . . . Attach 28 | 5 . . 2 2 2 2 15 . Detach 2 | . . . . 1 . . 1 . Swap 10 | . 1 1 5 3 . . . . Drop 15 | . . 7 2 2 . 1 3 . Fire 50 | . 2 28 1 6 . . 13 . Melee 2 | . . . . 2 . . . . Ram 1 | . . . . . . . 1 . Kick 1 | . 1 . . . . . . . Crush . | . . . . . . . . . Escape Stasis 34 | . . . . . . 34 . . Rewire . | . . . . . . . . . Trap . | . . . . . . . . . Miscellaneous . | . . . . . . . . . Route ------- -11/Scrapyard -10/Materials -10/Mines -9/Materials -8/Materials (discovered 3 exits: *Fac x3) -7/Factory -7/DSF -6/Factory -6/Lower Caves History --------- Turn | Location | Event 3 | -11/Scrapyard | Discovered new exit (range 16) 90 | -11/Scrapyard | Entered Materials 179 | -10/Materials | Discovered new exit (range 16) 305 | -10/Materials | Entered Mines 318 | -10/Mines | Build established: Mutant 328 | -10/Mines | Met a Derelict bent on vengeance 479 | -10/Mines | Learned location of Storage (-7) 582 | -10/Mines | Discovered new exit (range 8) 664 | -10/Mines | Entered Materials 664 | -9/Materials | Evolved 2 slots: Propulsion x2 775 | -9/Materials | Discovered new exit (range 14) 783 | -9/Materials | Entered another Materials area 783 | -8/Materials | Evolved 2 slots: Propulsion x1, Utility x1 842 | -8/Materials | Identified exit to Factory 875 | -8/Materials | Entered Factory 875 | -7/Factory | Evolved 2 slots: Power x1, Utility x1 914 | -7/Factory | Identified exit to DSF 914 | -7/Factory | Entered DSF 954 | -7/DSF | Additional patrols routed to DSF 1035 | -7/DSF | Lost 7 parts (2p2n2u1w) 1041 | -7/DSF | Released all parts (3) 1054 | -7/DSF | Discovered new exit (range 14) 1061 | -7/DSF | Entered Factory 1061 | -6/Factory | Evolved 2 slots: Power x1, Propulsion x1 1347 | -6/Factory | Released all parts (1) 1364 | -6/Factory | Core integrity fell below 50% 1371 | -6/Factory | Lost 6 parts (1p2n1u2w) 1431 | -6/Factory | Core integrity fell below 20% 1448 | -6/Factory | Released all parts (4) 1462 | -6/Factory | Discovered new exit (range 15) 1469 | -6/Factory | Entered Lower Caves 1476 | -6/Lower Caves | Destroyed by S-27 Virus with Autogun Last Messages --------------- S-27 Virus destroyed. Acquired VTOL Module. Slug penetrates Wall. Acquired VTOL Module. Penetrated by Slug. R-10 Processor collects Autogun. Penetrated by Slug. U-05 Engineer builds a Wall. H-66 Slayer heat spikes uncontrollably. U-05 Engineer builds a Wall. Penetrated by Slug. Released Force Field. Released Phase Cannon. Released Fusion Compressor. Released Imp. Signal Interpreter. ALERT: Potential suspicious activity detected, Programmers report to Factory Zone 2A. EXIT=FOUND LOCATION=UNKNOWN GOAL=ESCAPE Map ----- +----------------------------------------------------+ | ?????????????????????????????????????????????????? | | ?????????????????????????????????????????????????? | | ?????????????????????????????????????????????????? | | ?????????????????????????????????????????????????? | | ?????????????????????????????????????????????????? | | ?????????????????????????????????????????????????? | | ?????????????????????????????????????????????????? | | ?????????????????????????????????????????????????? | | ?????????????????????????????????????????????????? | | ?????????????????????????????????????????????????? | | ?????????????????????????????? ??????????????????? | | ???????????????????????## ??## ??????????????????? | | ?????????????????????## ### ??????????????????? | | ?????????????????????# ??????????????????? | | ?????????????????????# ??????????????????? | | ????????????????????? ??????????????????? | | ?????????????????????? ??????????????????? | | ???????????????????????? ##????????????????? | | ?????????????????????????# ????????????????? | | ??????????????????????????# ????????????????? | | ??????????????????#????????# ######???????????? | | ??????????????????# #???????# ## ##??????????? | | ??????????????????# ????????# ##?????????? | | ???????????????????# ######## ##????????? | | ??????????????????## s #????????? | | ??????????????????# @ s #????????? | | ?????????????""" ###### s #???????? | | ?????????????""" ?????????# s #???????? | | ??????????????"?????????????# ####### ####???????? | | ????????????????????????????###?????###??????????? | | ?????????????????????????????????????????????????? | | ?????????????????????????????????????????????????? | | ?????????????????????????????????????????????????? | | ?????????????????????????????????????????????????? | | ?????????????????????????????????????????????????? | | ?????????????????????????????????????????????????? | | ?????????????????????????????????????????????????? | | ?????????????????????????????????????????????????? | | ?????????????????????????????????????????????????? | | ?????????????????????????????????????????????????? | | ?????????????????????????????????????????????????? | | ?????????????????????????????????????????????????? | | ?????????????????????????????????????????????????? | | ?????????????????????????????????????????????????? | | ?????????????????????????????????????????????????? | | | | | | | | | | | +----------------------------------------------------+ Best States ------------- Heat Dissipation 44 Energy Generation 25 Energy Capacity 250 Matter Stores 300 Matter Capacity 300 Sight Range 16 Robot Scan Range 15 Terrain Scan Density 10 Armor Coverage 150 Evasion (%) 64 Offensive Hacking 10 Item Schematics ----------------- None Robot Schematics ------------------ None Fabricated ------------ Nothing Repaired ---------- Nothing Alien Tech Used ----------------- None Achievements -------------- I Spy Challenges ------------ None Game ------ Seed TargetingSalvageChainsword Manual? 0 Play Time 00:29:56 Cumulative 26.4 hours Start 2025.05.09 @ 22:21:59 End 2025.05.10 @ 00:37:58 Sessions 5 Manual Loads 0 Difficulty Rogue Special Mode None Game No. 37 Rogue 35 Adventurer 0 Explorer 2 Win Type - Total 0 Types 0/0/0/0/0/0/0/0/0/0 Lore% 10 Gallery% 21 Achievement% 20 Wizard Run 0 Options --------- Layout 1 ASCII 0 Keyboard 0 Movement Mouse Keybinds 0 Fullscreen 1 Font 24/Smallcaps Map View 50x35 Zoom Use 0% Tactical HUD 0 Map Filters NONE Filters NONE Steam 1 RUN: 891af7d0-47c2-406d-ab24-168f4c990a2b